Map: Caverne nascoste

Players

Merlin

  • Race: Protoss Protoss

avahmet

  • Race: Zerg Zerg

ehooh

  • Race: Terran Terran

Landvaettir

  • Race: Zerg Zerg

Jhyrachy - Winner!

  • Race: Protoss Protoss
  • League: Silver

Frites - Winner!

  • Race: Terran Terran

Stylowplume - Winner!

  • Race: Protoss Protoss

Zorashi - Winner!

  • Race: Protoss Protoss

VOD

Have the link to the VOD?

Description

Time

  • Played on: April 3, 2016, 2:34 p.m.
  • Length: 22:19
Show
View Real Time Build Order
Export as new Build Order

Merlin Protoss 

Build Orders:  

Get SALT Encoding   

  12  0:02  Probe (Chrono Boost)  
  13  0:13  Probe (Chrono Boost)  
  14  0:23  Probe (Chrono Boost)  
  15  0:39  Pylon  
  15  0:49  Pylon  
  16  0:57  Probe (Chrono Boost)  
  16  0:59  Gateway  
  16  1:04  Forge  
  16  1:08  Pylon  
  16  1:16  Pylon  
  16  1:25  Probe (Chrono Boost)  
  17  1:29  Assimilator  
  17  1:33  Assimilator  
  17  1:35  Probe (Chrono Boost)  
  18  1:46  Probe (Chrono Boost)  
  19  1:48  Zealot  
  21  1:56  Probe (Chrono Boost)  
  22  2:12  Photon Cannon  
  22  2:16  Photon Cannon  
  22  2:18  Zealot  
  24  2:29  Probe (Chrono Boost)  
  25  2:40  Probe (Chrono Boost)  
  26  2:47  Pylon  
  26  2:52  Pylon  
  26  3:19  Nexus  
  26  3:22  Assimilator  
  26  3:26  Assimilator  
  26  3:30  Probe (Chrono Boost)  
  26  3:31  Pylon  
  27  3:40  Probe (Chrono Boost)  
  28  3:44  Cybernetics Core  
  28  3:51  Probe (Chrono Boost)  
  29  3:58  Pylon  
  29  4:01  Probe (Chrono Boost)  
  30  4:12  Probe (Chrono Boost)  
  31  4:22  Probe (Chrono Boost)  
  32  4:32  Probe (Chrono Boost)  
  32  4:33  Mothership Core (Chrono Boost)  
  35  4:43  Probe (Chrono Boost)  
  36  4:49  Stargate  
  36  4:51  Probe (Chrono Boost)  
  36  4:52  Stargate  
  37  4:54  Probe (Chrono Boost)  
  37  4:55  Pylon  
  38  5:02  Probe (Chrono Boost)  
  38  5:05  Pylon  
  39  5:11  Probe (Chrono Boost), Photon Cannon  
  39  5:13  Probe (Chrono Boost)  
  42  5:21  Probe (Chrono Boost)  
  42  5:23  Probe (Chrono Boost)  
  43  5:32  Probe (Chrono Boost)  
  43  5:34  Probe (Chrono Boost)  
  45  5:42  Probe (Chrono Boost)  
  46  5:44  Probe (Chrono Boost)  
  47  5:54  Void Ray x2 (Chrono Boost)  
  55  6:00  Photon Cannon  
  46  6:19  Probe (Chrono Boost)  
  47  6:25  Pylon  
  47  6:29  Probe (Chrono Boost)  
  48  6:36  Void Ray (Chrono Boost)  
  56  6:41  Probe  
  56  6:42  Void Ray (Chrono Boost)  
  57  6:53  Probe  
  58  6:57  Probe  
  59  7:06  Probe  
  59  7:07  Probe  
  60  7:15  Void Ray (Chrono Boost)  
  65  7:18  Probe x2  
  65  7:20  Void Ray (Chrono Boost)  
  71  7:28  Probe  
  71  7:29  Protoss Air Weapons Level 1 (Chrono Boost)  
  71  7:30  Probe  
  73  7:39  Probe  
  73  7:42  Probe  
  75  7:55  Pylon  
  75  7:58  Zealot  
  77  7:59  Photon Cannon  
  77  8:13  Photon Cannon  
  77  8:18  Fleet Beacon  
  77  8:23  Void Ray (Chrono Boost)  
  77  8:25  Zealot  
  87  8:29  Void Ray (Chrono Boost)  
  87  8:41  Protoss Ground Weapons Level 1  
  87  8:52  Zealot  
  89  9:02  Void Ray (Chrono Boost)  
  93  9:07  Cybernetics Core  
  97  9:11  Pylon  
  97  9:13  Void Ray (Chrono Boost)  
  97  9:14  Pylon  
  97  9:16  Protoss Air Armor Level 1  
  97  9:19  Zealot  
  99  9:28  Nexus  
  99  9:30  Assimilator  
  99  9:32  Assimilator  
  99  9:35  Pylon  
  99  9:38  Pylon  
  105  9:39  Void Ray (Chrono Boost)  
  109  9:46  Zealot  
  111  9:55  Protoss Air Weapons Level 2  
  111  10:43  Void Ray (Chrono Boost)  
  111  10:49  Void Ray (Chrono Boost)  
  103  11:20  Void Ray (Chrono Boost)  
  107  11:32  Void Ray (Chrono Boost)  
  91  12:08  Void Ray x2 (Chrono Boost)  
  99  12:15  Protoss Air Weapons Level 3  
  101  12:22  Zealot  
  101  12:46  Void Ray x2 (Chrono Boost)  
  101  12:50  Zealot  
  103  13:17  Zealot  
  79  13:39  Void Ray (Chrono Boost)  
  79  13:40  Void Ray (Chrono Boost)  
  87  13:44  Zealot  
  89  14:11  Zealot  
  99  14:17  Void Ray x2 (Chrono Boost)  
  99  14:30  Mothership Core  
  101  14:36  Protoss Air Armor Level 2  
  101  14:43  Zealot  
  103  14:54  Void Ray x2 (Chrono Boost)  
  111  15:06  Protoss Ground Armor Level 1  
  111  15:10  Zealot  
  113  15:25  Twilight Council  
  113  15:30  Pylon  
  113  15:31  Void Ray x2 (Chrono Boost)  
  113  15:32  Pylon  
  114  15:37  Zealot  
  92  16:05  Zealot  
  94  16:20  Void Ray x2 (Chrono Boost)  
  102  16:32  Zealot  
  104  16:54  Void Ray (Chrono Boost)  
  104  16:55  Void Ray (Chrono Boost)  
  112  17:06  Protoss Air Armor Level 3 (Chrono Boost)  
  112  17:29  Void Ray x2  
  40  19:06  Void Ray (Chrono Boost)  
  40  19:10  Void Ray (Chrono Boost)  
  46  19:32  Gateway  
  46  19:48  Void Ray (Chrono Boost)  
  46  19:51  Void Ray (Chrono Boost)  
  58  20:29  Void Ray (Chrono Boost)  
Show
View Real Time Build Order
Export as new Build Order

avahmet Zerg 

Build Orders: Pool First 

Get SALT Encoding   

  12  4:34  Drone x2  
  12  4:38  Overlord  
  14  4:47  Spawning Pool  
  14  4:52  Hatchery  
  12  4:54  Hatchery  
  11  5:00  Hatchery  
  11  5:02  Hatchery  
  11  5:05  Extractor  
  8  5:07  Drone x3  
  8  5:08  Evolution Chamber  
  10  5:20  Drone  
  11  5:45  Queen  
  11  5:47  Drone x2  
  15  5:55  Spore Crawler  
  14  5:57  Drone  
  14  5:58  Spore Crawler  
  14  6:02  Drone  
  15  6:04  Queen  
  15  6:06  Queen  
  19  6:12  Queen  
  19  6:14  Queen  
  23  6:19  Drone x3  
  27  6:25  Drone  
  27  6:33  Drone x3  
  30  6:43  Extractor  
  29  6:54  Overlord  
  28  7:06  Drone x2  
  28  7:07  Drone  
  30  7:10  Drone x2  
  32  7:20  Overlord x4  
  32  7:21  Overlord x4  
  32  7:44  Zergling x14  
  35  7:45  Zergling x10  
  44  7:54  Metabolic Boost  
  44  7:58  Zerg Melee Weapons Level 1  
  44  8:05  Burrow  
  44  9:04  Hatchery  
  38  9:26  Extractor  
  38  9:30  Zergling x6  
  38  9:31  Zergling x14  
  39  9:32  Zergling x12  
  39  9:33  Zergling x2  
  47  9:45  Lair  
  47  9:53  Evolution Chamber  
  46  10:27  Zergling x6  
  46  10:28  Zergling x10  
  54  10:40  Zerg Ground Armor Level 1  
  37  11:13  Drone x3  
  40  11:35  Drone x2  
  42  12:07  Hydralisk Den  
  33  12:09  Drone x3  
  33  12:11  Spire  
  35  12:33  Zerg Melee Weapons Level 2  
  32  13:11  Hydralisk x6  
  32  13:12  Hydralisk x6  
  56  13:32  Hydralisk x2  
  56  13:33  Hydralisk x4  
  68  13:42  Hydralisk x2  
  68  13:43  Hydralisk x3  
  68  13:44  Hydralisk  
  80  14:24  Lurker Den  
  36  16:16  Hydralisk x9  
  36  16:17  Hydralisk x3  
  60  16:55  Hydralisk x2  
  60  16:56  Hydralisk x3  
  70  17:05  Zergling x2  
  70  17:06  Zergling x16  
  70  17:07  Zergling x6  
  81  18:14  Lurker x2  
  81  18:15  Lurker x3  
  75  18:25  Zergling x14  
  75  18:26  Zergling x12  
  75  18:27  Zergling x14  
  90  18:28  Zergling x16  
  90  18:29  Zergling x12  
  81  19:06  Zergling x16  
  81  19:07  Zergling x14  
  81  19:08  Zergling x16  
  81  19:09  Zergling x16  
  112  19:10  Zergling x12  
Show
View Real Time Build Order
Export as new Build Order

ehooh Terran 

Build Orders: Liberator Opening 

Get SALT Encoding   

  12  0:01  SCV  
  13  0:13  SCV  
  14  0:20  Supply Depot  
  14  0:25  SCV  
  15  0:34  Refinery  
  15  0:41  SCV  
  16  0:43  Refinery  
  16  0:53  SCV  
  17  1:03  Barracks  
  17  1:05  SCV  
  18  1:25  SCV  
  19  1:37  SCV  
  20  1:42  Supply Depot  
  20  1:49  SCV  
  21  1:56  Factory  
  21  2:02  SCV  
  22  2:14  SCV  
  23  2:26  Command Center  
  24  2:32  Orbital Command  
  23  2:42  Starport  
  23  2:46  Factory Reactor  
  23  2:58  SCV  
  24  3:17  Supply Depot  
  24  3:34  Liberator  
  24  3:35  Liberator  
  24  3:36  Supply Depot  
  24  3:39  Supply Depot  
  30  4:09  Orbital Command  
  30  4:16  Command Center  
  30  4:17  Liberator x2  
  30  4:35  Orbital Command  
  36  4:47  SCV  
  37  4:59  SCV  
  38  5:00  Liberator, SCV  
  39  5:11  SCV  
  39  5:12  SCV  
  44  5:23  SCV  
  44  5:24  SCV  
  44  5:28  Liberator  
  46  5:35  SCV  
  47  5:37  SCV  
  48  5:43  Liberator  
  48  5:47  SCV  
  48  5:49  SCV  
  53  5:59  SCV  
  53  6:01  SCV  
  58  6:11  Liberator, SCV  
  58  6:13  SCV  
  57  6:23  SCV  
  58  6:26  Liberator  
  64  7:01  Liberator  
  64  7:08  Liberator  
  64  7:10  Refinery  
  64  7:12  SCV  
  64  7:13  SCV  
  66  7:21  Orbital Command  
  69  7:24  SCV  
  69  7:25  SCV  
  69  7:26  Supply Depot  
  74  7:36  Refinery, SCV  
  75  7:37  SCV  
  76  7:50  Supply Depot  
  76  8:10  Armory  
  76  8:12  Supply Depot  
  76  8:19  Starport  
  76  8:21  Liberator  
  76  8:28  Orbital Command  
  76  8:34  Supply Depot  
  79  8:57  Supply Depot, SCV  
  79  9:00  Liberator  
  80  9:09  SCV  
  81  9:10  Starport Tech Lab  
  81  9:12  Terran Ship Weapons Level 1  
  81  9:20  Supply Depot  
  81  9:21  SCV  
  85  9:29  Refinery  
  85  9:31  Refinery  
  85  9:33  SCV  
  86  9:43  Supply Depot  
  86  9:46  SCV  
  87  9:55  Liberator x3  
  87  10:06  Supply Depot  
  96  10:28  Fusion Core  
  96  10:37  Liberator  
  96  10:38  Liberator x2  
  102  11:06  Terran Vehicle Weapons Level 1  
  102  11:23  Advanced Ballistics  
  90  11:38  Battlecruiser  
  84  11:55  Liberator x2  
  84  12:06  SCV  
  84  12:07  Engineering Bay  
  91  12:18  SCV  
  92  12:25  Liberator  
  92  12:30  SCV  
  93  12:38  Liberator x2  
  93  12:42  SCV  
  79  12:54  SCV  
  86  13:00  Terran Ship Weapons Level 2  
  80  13:26  Battlecruiser  
  86  13:55  Sensor Tower  
  80  14:48  Liberator x3  
  62  15:16  Terran Vehicle Weapons Level 2  
  62  15:31  Liberator x3  
  65  16:14  Liberator x2  
  71  16:59  Command Center  
  74  17:15  Refinery  
  74  17:16  Refinery  
  74  17:23  Liberator x3  
Show
View Real Time Build Order
Export as new Build Order

Landvaettir Zerg 

Build Orders: Pool First 

Get SALT Encoding   

  12  0:24  Spawning Pool  
  11  0:33  Drone, Overlord  
  12  0:36  Drone  
  13  0:57  Drone  
  14  1:11  Zergling x2  
  14  1:12  Zergling x2  
  14  1:13  Queen  
  14  1:18  Zergling x2  
  19  1:29  Zergling x2  
  20  1:34  Extractor  
  19  1:40  Zergling x2  
  20  1:52  Zergling x2  
  21  2:08  Drone  
  19  2:41  Zergling x8  
  20  3:17  Metabolic Boost  
  20  3:35  Zergling x4  
  18  4:29  Roach Warren  
  18  4:30  Lair  
  18  4:31  Drone x3  
  18  4:32  Drone  
  18  4:37  Extractor  
  20  4:52  Hatchery  
  19  5:00  Evolution Chamber  
  19  5:06  Hatchery, Evolution Chamber  
  16  5:14  Drone x2  
  16  5:15  Drone x3  
  21  5:42  Zerg Missile Weapons Level 1, Hydralisk Den  
  20  5:44  Zerg Ground Armor Level 1  
  20  5:46  Roach  
  18  5:51  Queen  
  8  6:01  Drone x2  
  8  6:02  Drone x2  
  11  6:52  Drone x2  
  13  7:00  Drone x2  
  13  7:01  Drone x2  
  17  7:18  Hydralisk  
  19  7:28  Drone x2  
  21  7:33  Drone  
  21  7:36  Drone  
  23  7:48  Hydralisk  
  25  8:04  Drone x2  
  27  8:06  Drone x3  
  27  8:08  Drone  
  31  8:16  Drone x2  
  33  8:21  Drone  
  34  8:29  Overlord  
  34  8:30  Overlord  
  34  8:57  Drone  
  34  8:58  Drone x5  
  34  8:59  Drone x3  
  43  9:03  Spore Crawler  
  42  9:13  Drone x3  
  45  9:42  Drone x2, Hydralisk  
  49  10:07  Drone  
  49  10:09  Overlord x3  
  50  10:14  Zerg Missile Weapons Level 2  
  50  10:16  Zerg Ground Armor Level 2  
  48  11:02  Hydralisk x5  
  48  11:03  Hydralisk  
  58  11:25  Hydralisk x2  
  56  11:26  Hydralisk  
  58  11:46  Extractor  
  57  11:49  Extractor, Zergling x2  
  57  11:50  Zergling x12  
  57  11:51  Zergling x2  
  57  11:52  Drone  
  63  12:18  Extractor  
  63  12:21  Extractor  
  61  12:23  Drone x4  
  61  12:24  Drone, Hydralisk x4  
  74  12:54  Overlord x2  
  74  12:55  Overlord x2  
  74  12:58  Queen  
  48  13:16  Hydralisk x3  
  48  13:17  Hydralisk x6  
  64  13:20  Roach  
  66  13:37  Infestation Pit  
  65  13:58  Drone x3  
  68  14:18  Roach x4  
  68  14:19  Hydralisk x5  
  68  14:21  Zergling x2  
  87  14:41  Hive  
  87  14:52  Hydralisk  
  87  14:53  Hydralisk x3  
  87  14:54  Swarm Host  
  87  14:57  Drone x2, Zergling x4  
  87  14:58  Drone x2  
  87  15:48  Hydralisk x2  
  87  15:49  Hydralisk x6  
  82  15:50  Hydralisk x2  
  70  16:08  Zerg Missile Weapons Level 3  
  70  16:09  Zerg Ground Armor Level 3  
  70  16:14  Neural Parasite  
  70  16:16  Hydralisk x4  
  78  16:28  Queen  
  78  16:31  Hydralisk x3  
  78  16:32  Hydralisk x2  
  84  16:46  Swarm Host x2  
  87  16:50  Hydralisk x2  
  87  16:53  Roach  
  87  16:54  Roach  
  98  16:55  Hydralisk  
  98  16:59  Roach  
  67  17:50  Roach  
  67  17:51  Hydralisk x3  
  67  17:53  Roach x5  
  70  18:13  Ultralisk Cavern  
  70  18:14  Hydralisk x3  
  70  18:15  Hydralisk x5  
  70  18:16  Hydralisk x3  
  91  18:31  Burrow  
  91  18:32  Hydralisk x3  
  89  19:17  Ultralisk x3  
  89  19:20  Overlord x4  
  89  19:21  Zergling x2  
  89  19:22  Zergling x8  
  106  19:32  Overlord  
  106  19:33  Overlord  
  106  19:36  Chitinous Plating  
  106  19:39  Muscular Augments  
  106  19:48  Overseer  
  106  19:54  Spine Crawler  
  106  19:59  Ultralisk  
  117  20:00  Ultralisk  
  117  20:01  Zergling x2  
Show
View Real Time Build Order
Export as new Build Order

Jhyrachy Protoss - Winner!

Build Orders: 1 Gate Expand 

Get SALT Encoding   

  12  0:02  Probe (Chrono Boost)  
  13  0:13  Probe (Chrono Boost)  
  14  0:18  Pylon  
  14  0:31  Probe (Chrono Boost)  
  15  0:42  Gateway  
  15  0:46  Probe (Chrono Boost)  
  16  1:03  Probe (Chrono Boost)  
  17  1:21  Nexus  
  17  1:24  Assimilator, Probe (Chrono Boost)  
  18  1:38  Cybernetics Core  
  18  1:46  Probe (Chrono Boost)  
  19  1:50  Assimilator  
  19  1:57  Probe (Chrono Boost)  
  20  2:07  Probe (Chrono Boost)  
  21  2:18  Probe (Chrono Boost)  
  22  2:48  Warp Gate  
  22  2:56  Pylon  
  22  3:00  Forge  
  22  3:06  Probe (Chrono Boost)  
  23  3:21  Probe (Chrono Boost)  
  24  3:28  Probe (Chrono Boost)  
  24  3:31  Probe (Chrono Boost)  
  26  3:37  Stargate  
  26  3:38  Stargate  
  26  3:40  Stargate  
  27  3:42  Probe (Chrono Boost), Pylon  
  28  3:52  Probe (Chrono Boost)  
  30  3:56  Mothership Core (Chrono Boost)  
  30  4:03  Probe (Chrono Boost)  
  30  4:05  Pylon  
  31  4:40  Pylon  
  31  4:45  Protoss Air Weapons Level 1  
  31  4:53  Void Ray  
  31  4:58  Assimilator  
  35  5:01  Assimilator  
  35  5:11  Nexus  
  35  5:35  Pylon  
  35  5:39  Pylon  
  35  6:09  Void Ray x2  
  35  6:10  Void Ray  
  47  6:37  Forge  
  47  6:39  Forge  
  47  6:44  Forge  
  47  6:48  Forge  
  47  6:52  Pylon  
  47  6:55  Pylon  
  47  6:57  Pylon x2  
  47  6:59  Probe x3 (Chrono Boost)  
  50  7:07  Pylon  
  50  7:12  Photon Cannon x2  
  50  7:20  Photon Cannon  
  50  7:28  Photon Cannon  
  50  7:29  Photon Cannon x2  
  50  7:30  Protoss Shields Level 1  
  50  7:31  Photon Cannon  
  50  7:35  Probe x3 (Chrono Boost)  
  53  7:40  Protoss Air Armor Level 1  
  53  7:45  Void Ray x2  
  61  7:54  Probe x3 (Chrono Boost)  
  64  8:04  Probe (Chrono Boost)  
  64  8:05  Probe x2 (Chrono Boost)  
  67  8:29  Void Ray x2  
  75  8:34  Void Ray  
  79  8:44  Assimilator  
  79  8:47  Assimilator  
  79  9:08  Fleet Beacon  
  79  9:32  Twilight Council  
  79  9:34  Void Ray x3  
  91  9:53  Probe x3 (Chrono Boost)  
  94  10:03  Probe (Chrono Boost)  
  94  10:04  Probe x2 (Chrono Boost)  
  98  10:14  Probe x3 (Chrono Boost)  
  100  10:23  Protoss Air Weapons Level 2  
  100  10:46  Protoss Shields Level 2 (Chrono Boost)  
  100  10:55  Void Ray x3  
  64  11:38  Void Ray x2  
  72  11:42  Void Ray  
  76  12:20  Void Ray x2  
  76  12:21  Protoss Air Armor Level 2  
  84  12:25  Void Ray  
  88  12:53  Protoss Shields Level 3 (Chrono Boost)  
  88  13:03  Void Ray x2  
  96  13:08  Void Ray  
  100  13:46  Void Ray x2  
  108  13:50  Void Ray  
  112  14:16  Protoss Air Weapons Level 3  
  112  14:29  Nexus, Void Ray x2  
  120  14:33  Void Ray  
  124  14:58  Pylon  
  124  14:59  Assimilator, Pylon x2  
  124  15:00  Pylon  
  124  15:01  Pylon x2  
  124  15:15  Void Ray x2  
  124  15:16  Void Ray  
  136  15:24  Assimilator  
  136  15:58  Void Ray x2  
  136  15:59  Void Ray  
  144  16:39  Nexus  
  144  16:41  Void Ray (Chrono Boost)  
  144  16:43  Void Ray x2 (Chrono Boost)  
  156  16:51  Assimilator, Protoss Air Armor Level 3  
  156  16:56  Assimilator  
  159  17:23  Void Ray (Chrono Boost)  
  159  17:24  Void Ray (Chrono Boost)  
  165  17:30  Void Ray (Chrono Boost)  
  165  18:00  Void Ray (Chrono Boost)  
  165  18:03  Void Ray (Chrono Boost)  
  173  18:07  Void Ray (Chrono Boost)  
  177  18:21  Probe  
  178  18:27  Probe  
  178  18:31  Probe  
  180  18:37  Probe  
  180  18:38  Void Ray (Chrono Boost)  
  189  18:45  Void Ray (Chrono Boost)  
  189  18:47  Void Ray (Chrono Boost)  
  189  18:48  Probe  
Show
View Real Time Build Order
Export as new Build Order

Frites Terran - Winner!

Build Orders: Command Center First (CC), Mech 

Get SALT Encoding   

  12  0:03  SCV  
  13  0:15  SCV  
  14  0:27  SCV  
  15  0:30  Supply Depot  
  15  0:51  SCV  
  16  0:57  Supply Depot  
  16  1:08  SCV  
  17  1:20  SCV  
  18  1:41  Command Center  
  18  1:45  Barracks  
  18  1:49  SCV  
  18  1:53  Refinery  
  19  2:01  SCV  
  20  2:29  Supply Depot  
  20  2:32  Orbital Command  
  20  2:38  Refinery  
  20  2:53  Barracks Reactor  
  20  2:59  Supply Depot  
  20  3:01  Orbital Command  
  20  3:06  Supply Depot  
  20  3:22  Supply Depot, SCV  
  21  3:34  SCV  
  22  3:38  SCV  
  23  3:42  Refinery  
  23  3:45  Supply Depot  
  23  3:46  Marine x2, SCV  
  26  3:51  SCV  
  27  3:58  SCV, Factory  
  28  4:03  SCV  
  28  4:04  Marine x2  
  31  4:10  SCV  
  32  4:21  Marine  
  32  4:22  Factory  
  32  4:23  SCV x2  
  35  4:35  SCV x2  
  35  4:36  Command Center  
  37  4:38  Marine  
  38  4:50  Factory Reactor, Factory  
  38  4:52  SCV x2  
  40  5:04  SCV x2  
  42  5:16  SCV x2  
  42  5:20  Marine x2  
  40  5:42  Factory Tech Lab x2  
  36  5:55  Orbital Command  
  35  6:06  Starport  
  35  6:23  SCV  
  35  6:25  SCV x2  
  38  6:35  SCV  
  38  6:37  SCV  
  40  6:43  SCV  
  41  6:48  SCV  
  41  6:49  SCV  
  41  6:50  Starport Reactor  
  41  6:53  Starport  
  43  6:57  Factory  
  43  7:00  SCV  
  44  7:06  Factory  
  44  7:07  Marine x2  
  46  7:09  Siege Tank x2  
  54  7:23  Hellion x2  
  56  7:33  Starport Reactor  
  56  7:39  SCV x3  
  56  7:40  Supply Depot  
  59  7:45  Refinery  
  59  7:46  Refinery  
  59  7:51  SCV x3  
  62  7:54  Factory Tech Lab  
  62  8:01  Factory Tech Lab  
  62  8:02  Supply Depot  
  62  8:03  SCV  
  62  8:04  Viking x2  
  67  8:05  Siege Tank  
  67  8:06  Siege Tank  
  67  8:07  Hellion x2  
  77  8:13  Armory  
  77  8:16  SCV  
  78  8:28  SCV, Hellion  
  78  8:29  Hellion  
  78  8:32  SCV x2  
  85  8:40  SCV  
  86  8:44  SCV x2  
  86  8:45  Viking x4  
  96  8:56  Refinery  
  96  9:09  Siege Tank x2  
  102  9:12  Hellion x3  
  102  9:15  Terran Vehicle Weapons Level 1, Viking x2  
  112  9:33  Hellion x2  
  112  9:37  Supply Depot  
  116  9:45  Thor  
  116  9:46  Viking x2  
  126  10:01  Supply Depot  
  126  10:05  Viking x2  
  130  10:09  Thor  
  130  10:11  Hellion x4  
  144  10:16  Viking  
  146  10:25  Supply Depot  
  146  10:29  Hellion  
  146  10:32  Hellion  
  146  10:33  Hellion x3  
  156  10:47  Supply Depot  
  156  10:50  Cyclone  
  156  10:53  Cyclone  
  156  10:54  Viking x4  
  170  11:09  Terran Vehicle And Ship Armor Level 1  
  170  11:10  Supply Depot  
  170  11:21  Thor  
  170  11:22  Thor  
  170  11:25  Hellion x4  
  183  12:04  Viking x4  
  191  12:11  Factory  
  191  12:20  Thor  
  191  12:22  Hellion  
  199  12:32  Starport  
  199  12:38  Factory  
  185  13:03  Terran Vehicle Weapons Level 2  
  132  13:25  Viking x3  
  132  13:26  Viking  
  132  13:29  Factory Reactor  
  132  13:30  Factory Reactor  
  132  13:33  Starport Reactor  
  132  13:39  Starport  
  132  13:47  Thor x2  
  132  13:48  Thor x2  
  156  13:50  Hellion x2  
  156  13:55  Viking  
  162  14:11  Hellion  
  162  14:12  Hellion  
  166  14:28  Viking x7  
  166  14:31  Hellion  
  178  14:58  Viking x2  
  182  15:11  Siege Tank x4  
  182  15:13  Hellion x3  
  172  15:54  Siege Tank x3  
  172  15:55  Siege Tank  
  172  15:56  Hellion x2  
  172  15:57  Hellion x2  
  186  16:26  Siege Tank x2, Terran Vehicle Weapons Level 3  
  186  16:27  Siege Tank  
  186  16:28  Starport Tech Lab  
  195  16:44  Viking  
  195  16:45  Viking  
  199  17:06  Infernal Pre-Igniter  
  199  17:23  Command Center  
  136  18:23  Thor x2, Hellion x2  
  136  18:24  Siege Tank, Hellion  
  140  19:03  Terran Ship Weapons Level 1  
  140  19:51  Orbital Command  
  140  20:44  Refinery  
  140  20:45  Refinery  
  130  21:02  Viking  
  130  21:03  Viking x3  
  76  21:52  Hellion  
  76  21:53  Hellion x5  
Show
View Real Time Build Order
Export as new Build Order

Stylowplume Protoss - Winner!

Build Orders: Oracle Opening 

Get SALT Encoding   

  12  0:02  Probe (Chrono Boost)  
  13  0:20  Probe (Chrono Boost), Pylon  
  14  0:33  Probe (Chrono Boost)  
  15  0:43  Probe (Chrono Boost), Gateway  
  15  0:47  Assimilator  
  16  0:55  Probe (Chrono Boost)  
  17  1:05  Probe (Chrono Boost)  
  18  1:17  Probe (Chrono Boost)  
  19  1:26  Pylon  
  19  1:27  Probe (Chrono Boost)  
  19  1:32  Cybernetics Core  
  20  1:42  Probe (Chrono Boost)  
  20  1:43  Assimilator  
  21  1:52  Probe (Chrono Boost)  
  22  1:57  Zealot  
  24  2:22  Stargate  
  24  2:53  Probe (Chrono Boost)  
  25  3:02  Twilight Council  
  25  3:04  Probe (Chrono Boost)  
  25  3:05  Oracle (Chrono Boost)  
  29  3:37  Forge, Warp Gate (Chrono Boost)  
  29  3:56  Pylon  
  29  3:59  Pylon  
  29  4:07  Oracle (Chrono Boost)  
  30  4:14  Zealot  
  32  4:41  Oracle (Chrono Boost)  
  35  4:59  Probe  
  36  5:03  Nexus  
  36  5:07  Stargate  
  36  5:09  Nexus  
  36  5:11  Probe  
  36  5:12  Oracle (Chrono Boost)  
  40  5:23  Probe  
  40  5:24  Protoss Air Weapons Level 1  
  41  5:35  Probe  
  42  5:48  Probe  
  43  6:24  Probe  
  44  6:27  Probe  
  45  6:34  Probe  
  45  6:36  Assimilator  
  45  6:38  Probe  
  47  6:41  Assimilator  
  47  6:45  Probe  
  47  6:46  Assimilator  
  45  6:48  Probe  
  45  6:50  Assimilator  
  46  6:55  Probe  
  46  6:59  Probe  
  45  7:06  Probe  
  43  7:09  Probe  
  44  7:16  Probe  
  45  7:27  Probe  
  46  7:31  Probe  
  47  7:38  Probe  
  47  7:42  Probe  
  49  7:45  Void Ray (Chrono Boost)  
  49  7:49  Probe  
  49  7:50  Void Ray (Chrono Boost)  
  58  7:53  Probe  
  58  7:55  Pylon  
  58  7:57  Pylon  
  59  8:03  Probe  
  60  8:14  Probe  
  60  8:15  Pylon  
  61  8:22  Void Ray (Chrono Boost)  
  65  8:27  Stargate  
  65  8:28  Stargate  
  65  8:33  Stargate, Void Ray (Chrono Boost)  
  69  8:40  Stargate  
  69  8:42  Stargate  
  59  8:59  Void Ray (Chrono Boost)  
  63  9:16  Void Ray (Chrono Boost)  
  67  9:37  Assimilator, Nexus  
  75  9:38  Void Ray (Chrono Boost)  
  75  9:39  Void Ray (Chrono Boost)  
  75  9:40  Assimilator  
  76  10:15  Void Ray (Chrono Boost)  
  74  10:43  Void Ray (Chrono Boost)  
  75  10:58  Void Ray (Chrono Boost)  
  45  11:19  Void Ray (Chrono Boost)  
  49  11:31  Void Ray (Chrono Boost)  
  49  12:03  Void Ray (Chrono Boost)  
  57  12:09  Void Ray (Chrono Boost)  
  49  13:14  Void Ray (Chrono Boost)  
  49  13:19  Void Ray x2 (Chrono Boost)  
  65  13:21  Void Ray (Chrono Boost)  
  69  13:28  Void Ray (Chrono Boost)  
  69  13:45  Fleet Beacon  
  29  16:14  Void Ray (Chrono Boost)  
  57  16:19  Void Ray x2 (Chrono Boost)  
  57  16:20  Void Ray x4 (Chrono Boost)  
  57  16:42  Mothership Core  
  59  16:53  Nexus  
  59  16:58  Pylon  
  59  16:59  Pylon  
  67  17:02  Void Ray x2 (Chrono Boost)  
  67  17:03  Void Ray (Chrono Boost)  
  73  19:37  Void Ray (Chrono Boost)  
  97  19:43  Void Ray x5 (Chrono Boost)  
  113  21:40  Assimilator  
  113  21:41  Void Ray (Chrono Boost)  
  113  21:42  Void Ray x3 (Chrono Boost)  
  113  21:43  Probe  
  114  21:47  Assimilator  
  114  21:54  Probe  
  115  22:04  Probe  
Show
View Real Time Build Order
Export as new Build Order

Zorashi Protoss - Winner!

Build Orders:  

Get SALT Encoding   

  12  0:03  Probe (Chrono Boost)  
  13  0:14  Probe (Chrono Boost)  
  14  0:27  Pylon  
  14  0:37  Probe (Chrono Boost)  
  15  0:58  Forge  
  15  1:02  Pylon  
  15  1:05  Probe (Chrono Boost)  
  16  1:15  Probe (Chrono Boost)  
  17  1:49  Probe (Chrono Boost)  
  18  1:56  Photon Cannon  
  18  1:59  Probe (Chrono Boost), Photon Cannon  
  19  2:03  Gateway  
  19  2:10  Probe (Chrono Boost)  
  20  2:33  Photon Cannon  
  20  2:44  Nexus  
  20  2:47  Probe (Chrono Boost)  
  21  2:52  Assimilator  
  21  2:54  Assimilator  
  21  2:58  Probe (Chrono Boost)  
  22  3:09  Probe (Chrono Boost)  
  23  3:19  Probe (Chrono Boost)  
  24  3:30  Probe (Chrono Boost)  
  24  3:31  Assimilator  
  25  3:40  Probe (Chrono Boost)  
  26  3:44  Pylon  
  26  3:49  Assimilator  
  26  3:51  Probe (Chrono Boost)  
  26  3:55  Pylon  
  27  3:57  Pylon  
  27  4:01  Pylon  
  27  4:05  Pylon  
  27  4:09  Probe (Chrono Boost)  
  28  4:20  Probe (Chrono Boost), Photon Cannon  
  29  4:26  Probe (Chrono Boost)  
  29  4:30  Probe (Chrono Boost)  
  31  4:36  Probe (Chrono Boost)  
  32  4:41  Cybernetics Core, Probe (Chrono Boost)  
  33  4:47  Probe (Chrono Boost)  
  33  4:51  Probe (Chrono Boost)  
  35  4:57  Probe (Chrono Boost)  
  36  5:02  Probe (Chrono Boost)  
  37  5:08  Probe (Chrono Boost)  
  37  5:12  Probe (Chrono Boost)  
  39  5:18  Photon Cannon  
  39  5:20  Photon Cannon  
  39  5:23  Probe (Chrono Boost), Photon Cannon  
  39  5:25  Pylon  
  40  5:33  Photon Cannon  
  40  5:36  Photon Cannon, Warp Gate (Chrono Boost)  
  40  5:39  Photon Cannon  
  40  5:43  Photon Cannon  
  40  6:08  Twilight Council  
  40  6:11  Pylon  
  40  6:15  Pylon  
  40  6:18  Robotics Facility  
  40  6:24  Protoss Ground Weapons Level 1 (Chrono Boost)  
  40  6:34  Pylon  
  40  6:40  Forge  
  40  6:44  Forge  
  40  6:55  Blink (Chrono Boost)  
  40  6:56  Photon Cannon  
  40  7:09  Observer  
  41  7:22  Gateway  
  41  7:24  Gateway  
  41  7:26  Gateway  
  41  7:29  Gateway  
  41  7:30  Pylon, Observer  
  41  7:33  Protoss Ground Armor Level 1 (Chrono Boost), Pylon  
  42  7:42  Protoss Shields Level 1 (Chrono Boost)  
  42  7:54  Observer  
  43  8:19  Immortal (Chrono Boost)  
  47  8:24  Protoss Ground Weapons Level 2 (Chrono Boost)  
  47  8:31  Pylon  
  47  8:36  Pylon x2  
  47  8:46  Stalker x3  
  47  8:47  Stalker x2  
  57  8:52  Charge  
  57  8:53  Immortal (Chrono Boost)  
  61  9:11  Stalker x5  
  61  9:53  Stalker x3  
  61  9:54  Stalker x2  
  71  10:17  Stalker x5  
  81  10:26  Protoss Shields Level 2 (Chrono Boost)  
  81  10:31  Protoss Ground Armor Level 2 (Chrono Boost)  
  79  10:43  Protoss Ground Weapons Level 3 (Chrono Boost)  
  43  11:23  Stalker x4  
  47  12:02  Stalker x5  
  57  12:12  Probe  
  58  12:21  Pylon  
  58  12:24  Probe, Photon Cannon  
  58  12:28  Photon Cannon  
  59  12:36  Probe  
  60  12:45  Stalker x5  
  60  12:48  Probe  
  71  13:00  Probe  
  68  13:09  Nexus  
  48  13:33  Pylon  
  48  13:36  Pylon  
  48  13:37  Zealot  
  50  13:58  Photon Cannon  
  50  14:00  Photon Cannon  
  50  14:04  Photon Cannon  
  50  14:50  Protoss Ground Armor Level 3 (Chrono Boost)  
  48  15:22  Stalker x3  
  48  15:23  Stalker  
  48  15:24  Stalker  
  44  16:16  Zealot  
  46  16:18  Pylon  
  46  16:19  Pylon  
  46  16:20  Nexus  
  46  16:21  Pylon  
  46  16:50  Zealot  
  48  17:30  Stalker  
  48  17:31  Stalker  
  48  17:34  Stalker x3  
  58  18:04  Stalker x2  
  58  18:05  Stalker x3  
  68  18:11  Observer  
  68  18:14  Protoss Shields Level 3 (Chrono Boost)  
  69  18:33  Stalker x5  
  79  19:11  Stalker x2  
  79  19:12  Stalker x3  
  89  19:27  Warp Prism  
  91  19:40  Stalker  
  91  19:41  Stalker  
  91  19:42  Stalker x3  
  85  20:45  Observer  
  86  20:58  Stalker x3  
  86  21:01  Stalker x2  
  92  21:59  Stalker x5  
Tags
 
Add a new tag
Caveats
  • Supply blocks, unpowered buildings, or Contaminate may cause inaccurate times.
  • Supply counts are checked every 10 seconds.